 Seeded DCSS version 0.30.1-9-gdf580d7c3d (webtiles) character file.

Game seed: 7229806256980976716 (custom seed)

656 Psyclone the Digger (level 8, 23/57 HPs)
             Began as a Meteoran Earth Elementalist on Oct 16, 2023.
             Quit the game in an ossuary.
             The game lasted 00:00:55 (942 turns).

Psyclone the Digger (Meteoran Earth Elementalist)    Turns: 942, Time: 00:00:56

Health: 23/57      AC:  5    Str:  9    XL:     8   Next: 11%
Magic:  12/18      EV: 12    Int: 19    God:
Gold:   3902       SH:  0    Dex: 15    Spells: 14/20 levels left

rFire   . . .        p - staff of earth
rCold   . . .        (no shield)
rNeg    . . .        a - +0 robe
rPois   .            (no helmet)
rElec   .            (no cloak)
rCorr   .            n - +0 pair of gloves
SInv    .            (no boots)
Will    +....        (no amulet)
Stlth   +            (no ring)
HPRegen 0.29/turn    (no ring)
MPRegen 0.16/turn

%: no passive effects
@: glowing
A: sense surroundings 1, otherworldly, glowing, explore regen, claws 1,
iridescent scales 1, wild magic 1, MP-powered wands
a: no special abilities


You were in an ossuary.
You visited 1 branch of the dungeon, and saw 4 of its levels.
You also visited: Ossuary.

You collected 3902 gold pieces.

Inventory:

Missiles
 d - a throwing net {!f}
Armour
 a - a +0 robe (worn)
 n - a +0 pair of gloves (worn)
Magical Staves
 p - a staff of earth (weapon)
Scrolls
 c - 3 scrolls of amnesia {unknown}
 e - 2 scrolls of identify {unknown}
 f - 2 scrolls of blinking {unknown}
 h - a scroll of enchant armour {unknown}
 l - a scroll of poison {unknown}
Potions
 b - a potion of magic
 g - a potion of might {unknown}
 i - 3 potions of curing {unknown}
 j - a potion of invisibility {unknown}
 k - a potion of brilliance {unknown}
 o - 2 potions of cancellation {unknown}
 q - a potion of attraction {unknown}
 r - 2 potions of flight {unknown}
 s - a potion of heal wounds {unknown}


   Skills:
 - Level 2.4 Dodging
 - Level 1.4 Stealth
 * Level 6.6 Spellcasting
 + Level 4.2 Transmutations
 * Level 7.0 Earth Magic


You had 14 spell levels left.
You knew the following spells:

 Your Spells              Type           Power      Damage    Failure   Level
a - Sandblast             Erth           100%       2d20      1%          1
b - Passwall              Tmut/Erth      44%        N/A       3%          2
c - Stone Arrow           Conj/Erth      76%        3d11      12%         3

Your spell library contained the following spells:

 Spells                   Type           Power      Damage    Failure   Level
 Petrify                  Tmut/Erth      53%        N/A       14%         4
 Cigotuvi's Dreadful Rot  Necr/Pois/Air  16%        N/A       22%         2
 Poisonous Vapours        Pois/Air       16%        N/A       22%         2
 Mephitic Cloud           Conj/Pois/Air  8%         N/A       41%         3
 Dispel Undead            Necr           8%         3d8       78%         4
 Freezing Cloud           Conj/Ice/Air   4%         6-21      98%         5
 Death Channel            Necr           4%         N/A       100%        6


Dungeon Overview and Level Annotations

Branches:
Dungeon (4/15) Zot: 1624   Temple (0/1) D:4         Ossuary (1/1) Zot: 397

Altars:
Elyvilon
Qazlal

Annotations:
D:3 3 runed translucent doors


Innate Abilities, Weirdness & Mutations

You passively map a small area around you.
You are easily found by Zot.
You glow in the dark.
You regain HP and MP as you explore.
You have sharp fingernails.
You are partially covered in iridescent scales. (AC +2)
Your spells are a little harder to cast, but a little more powerful.
You expend magic power (3 MP) to strengthen your wands.


Message History

Confirm with . or Enter, or press ? or * to list all spells.
Aiming: Sandblast (safe; 1% risk of failure)
Press: ? - help, Shift-Dir - straight line, f - mummy
Aim: a mummy (93% to hit)
You feel a surge of power!
The blast of sand hits the mummy.
The mummy is lightly damaged.
The mummy barely misses you.
You now have 8/18 mp.
Casting: Sandblast (safe; 1% risk of failure)
Confirm with . or Enter, or press ? or * to list all spells.
Aiming: Sandblast (safe; 1% risk of failure)
Press: ? - help, Shift-Dir - straight line, f/p - mummy
Aim: a mummy (lightly damaged, 93% to hit)
You feel a surge of power!
The blast of sand hits the mummy!!
You destroy the mummy!
You now have 7/18 mp.
Casting: Sandblast (safe; 1% risk of failure)
Confirm with . or Enter, or press ? or * to list all spells.
Aiming: Sandblast (safe; 1% risk of failure)
Press: ? - help, Shift-Dir - straight line, f - mummy
Aim: a mummy (93% to hit)
You feel a surge of power!
The blast of sand hits the mummy!!
You destroy the mummy!
You now have 6/18 mp.
Casting: Sandblast (safe; 1% risk of failure)
Confirm with . or Enter, or press ? or * to list all spells.
You can't see any susceptible monsters within range! (Use Z to cast anyway.) Unknown command.
You start waiting.
A centaur zombie is nearby!
You regained 7 hp, and now have 21/62 hp.
You regained 4 mp, and now have 10/18 mp.
There is an open door here.
Really quaff the potion of mutation?
You feel extremely strange.
You feel stupid.
You feel frail.
You feel your surroundings grow louder.
Your fingernails lengthen.
Unknown command.
Unknown command.
Are you sure you want to abandon this character and quit the game? (Confirm with "yes".)

**##### ,
,#.#.#
~#+#+#'#'###
,
~........'.#
*
##.#####.###
#..@#.'.# *
,, #.∩.'.###
* #∩..#.'.#
** #####.###
#.'.'.# *
###.### , ,
, , ,#.' ~ ,
* '.# * #.'


There were no monsters in sight!

Vanquished Creatures
  2 hornet zombies (Ossuary)
  A scorpion (D:4)
  A wyvern zombie (Ossuary)
  2 bullfrog zombies (Ossuary)
  A centaur zombie (Ossuary)
  A jelly (D:2)
  A sleepcap (D:4)
  A killer bee zombie (Ossuary)
  8 mummies
  A howler monkey zombie (Ossuary)
  3 adders
  A worm (D:3)
  2 ball pythons
  2 bats
  An endoplasm (D:2)
  4 giant cockroaches
  A goblin (D:4)
  4 hobgoblins
  6 jackals
  A kobold (D:4)
  2 quokkas
  A frilled lizard (D:1)
  A goblin zombie (D:4)
  An orc zombie (D:4)
  3 rats
52 creatures vanquished.

Notes
Turn   | Place    | Note
-------+----------+-------------------------------------------
     0 | D:1      | Psyclone the Meteoran Earth Elementalist began the quest
                  | for the Orb.
     0 | D:1      | Reached XP level 1. HP: 14/14 MP: 5/5
    64 | D:1      | Identified 3 scrolls of acquirement
    64 | D:1      | Acquired 1248 gold pieces
    65 | D:1      | Acquired 1275 gold pieces
    88 | D:1      | Acquired 1252 gold pieces
   159 | D:1      | Reached XP level 2. HP: 20/20 MP: 3/6
   193 | D:1      | Gained mutation: You are partially covered in iridescent
                  | scales. (AC +2) [potion of mutation]
   193 | D:1      | Gained mutation: You expend magic power (3 MP) to
                  | strengthen your wands. [potion of mutation]
   193 | D:1      | Gained mutation: You have hidden genetic potential. [potion
                  | of mutation]
   193 | D:1      | Gained mutation: You have great hidden genetic potential.
                  | [potion of mutation]
   282 | D:2      | Reached skill level 4 in Earth Magic
   301 | D:2      | Reached XP level 3. HP: 26/26 MP: 6/8
   325 | D:2      | Reached XP level 4. HP: 33/33 MP: 5/10
   328 | D:2      | Learned a level 2 spell: Passwall
   328 | D:2      | Gained mutation: You passively dampen the noise of your
                  | surroundings. [hidden potential]
   332 | D:2      | Learned a level 3 spell: Stone Arrow
   460 | D:3      | Found a runed translucent gate.
   460 | D:3      | Found a runed translucent gate.
   460 | D:3      | Found a runed translucent gate.
   527 | D:4      | Noticed a scorpion
   532 | D:4      | Killed a scorpion
   533 | D:4      | Reached skill level 5 in Earth Magic
   533 | D:4      | Reached XP level 5. HP: 38/38 MP: 8/12
   534 | D:4      | Gained mutation: You are robust. (+10% HP) [hidden
                  | potential]
   534 | D:4      | Lost mutation: You have great hidden genetic potential.
                  | [hidden potential expressed]
   588 | D:4      | Found a white marble altar of Elyvilon.
   600 | D:4      | Reached XP level 6. HP: 49/49 MP: 12/14
   676 | D:4      | Found a staircase to the Ecumenical Temple.
   692 | D:4      | Found a stormy altar of Qazlal.
   750 | D:4      | Found a sand-covered staircase.
   755 | Ossuary  | Entered an ossuary
   763 | Ossuary  | Reached skill level 5 in Spellcasting
   772 | Ossuary  | Gained mutation: Your mind is acute. (Int +4, Str/Dex -1)
                  | [hidden potential]
   776 | Ossuary  | Reached skill level 6 in Earth Magic
   776 | Ossuary  | Reached XP level 7. HP: 44/55 MP: 6/16
   903 | Ossuary  | Gained mutation: Your spells are a little harder to cast,
                  | but a little more powerful. [hidden potential]
   903 | Ossuary  | Lost mutation: You have hidden genetic potential. [hidden
                  | potential expressed]
   911 | Ossuary  | Reached XP level 8. HP: 12/62 MP: 9/18
   912 | Ossuary  | Reached skill level 7 in Earth Magic
   941 | Ossuary  | Lost mutation: Your mind is acute. (Int +4, Str/Dex -1)
                  | [potion of mutation]
   941 | Ossuary  | Lost mutation: You are robust. (+10% HP) [potion of
                  | mutation]
   941 | Ossuary  | Lost mutation: You passively dampen the noise of your
                  | surroundings. [potion of mutation]
   941 | Ossuary  | Gained mutation: You have sharp fingernails. [potion of
                  | mutation]
   942 | Ossuary  | Quit the game

Illustrated notes

Levels and vault maps discovered:
D:1:      spicycebolla_arrival_ecumenical, layout_loops_ring
D:2:      layout_basic
D:3:      layout_rooms, mainiacjoe_overflow_paths, gammafunk_ghost_necromancy
D:4:      layout_rooms, tso_metal_star, mainiacjoe_overflow_catwalk,
          elyvilon_altar_5, minmay_temple_entry_stoned_glass,
          nicolae_ossuary_entry_giza, minmay_misc_feat_square, minivault_4
Ossuary:  ossuary_zaba_flooded

Skill      XL: |  1  2  3  4  5  6  7  8 |
---------------+-------------------------+-----
Spellcasting   | 3 4 5 6 |  6.6
Earth Magic    | 4 5 6 7 |  7.0
Transmutations | 2 3 4 |  4.2
Dodging        | |  2.4
Stealth        | |  1.4

Action                     |  1- 3 |  4- 6 |  7- 9 || total
---------------------------+-------+-------+-------++-------
   Cast: Sandblast         |    13 |    41 |    20 ||    74
         Passwall          |       |     4 |       ||     4
    Use: Scroll            |     3 |       |       ||     3
         Potion            |     1 |       |     1 ||     2
 Armour: Robe              |       |     3 |     9 ||    12
  Dodge: Dodged            |     1 |     3 |    12 ||    16
